 Dungeon Crawl Stone Soup version 0.23.1 (webtiles) character file.

Game seed: 976854764592048256

3145 Laiders72 the Basher (level 10, -12/82 HPs)
             Began as a Formicid Fighter on Mar 10, 2019.
             Was a Priest of Okawaru.
             Killed by divine providence
             ... invoked by an orc priest
              (14 damage)
             ... on level 7 of the Dungeon.
             The game lasted 00:17:21 (6813 turns).

Laiders72 the Basher (Formicid Fighter)             Turns: 6813, Time: 00:17:22

Health: -12/82     AC: 20    Str: 17    XL:     10   Next: 15%
Magic:  8/10       EV: 13    Int:  9    God:    Okawaru [***...]
Gold:   313        SH: 13    Dex: 18    Spells: 9/9 levels left

rFire    + . .     SeeInvis +   a - +0 flail
rCold    . . .     Gourm    .   c - +0 shield
rNeg     . . .     Faith    .   F - +8 scale mail of Watchfulness {rPois rCorr Str-4 Dex+6}
rPois    +         Spirit   .   (helmet unavailable)
rElec    .         Reflect  .   j - +0 cloak
rCorr    +         Harm     .   w - +2 pair of gloves
MR       +....                  (no boots)
Stlth    ++........             (no amulet)
HPRegen  0.23/turn              n - ring of protection from fire
MPRegen  0.12/turn              (no ring)

@: heroism, flying
A: permanent stasis, dig shafts and tunnels, four strong arms, antennae 3, wild
magic 2
a: Dig, Shaft Self, Heroism, Renounce Religion


You were on level 7 of the Dungeon.
You worshipped Okawaru.
Okawaru was most pleased with you.
You were hungry.

You visited 2 branches of the dungeon, and saw 8 of its levels.

You collected 313 gold pieces.

Inventory:

Hand Weapons
 a - a +0 flail (weapon)
Missiles
 e - 3 javelins
 t - 4 throwing nets (quivered)
Armour
 c - a +0 shield (worn)
 j - a +0 cloak (worn)
 w - a +2 pair of gloves (worn)
 F - the +8 scale mail of Watchfulness (worn) {rPois rCorr Str-4 Dex+6}
   (You took it off an orc priest on level 7 of the Dungeon)

   It affects your strength (-4).
   It affects your dexterity (+6).
   It protects you from poison.
   It provides partial protection from all sources of acid and corrosion.
Jewellery
 n - a ring of protection from fire (left hand)
Wands
 h - a wand of scattershot (3)
 o - a wand of flame (28)
 x - a wand of paralysis (10)
Scrolls
 b - a scroll of noise {unknown}
 g - 2 scrolls of fog {unknown}
 m - 3 scrolls of amnesia {unknown}
 s - a scroll of enchant armour {unknown}
 u - 6 scrolls of identify
 v - 2 scrolls of blinking {unknown}
 y - 3 scrolls of magic mapping {unknown}
 E - a scroll of immolation {unknown}
Potions
 d - a potion of flight
 i - a potion of ambrosia
 k - a potion of mutation
 l - 2 potions of curing {unknown}
 p - a potion of degeneration {unknown}
 q - a potion of brilliance {unknown}
 z - a potion of lignification {unknown}
 A - a potion of magic {unknown}
 B - a potion of agility {unknown}
 C - a potion of resistance {unknown}
 D - a potion of might
Comestibles
 f - 9 rations
 r - 7 chunks of flesh


   Skills:
 + Level 8.6(13.6) Fighting
 * Level 10.3(15.3) Maces & Flails
 - Level 3.2(8.2) Armour
 + Level 7.3(12.3) Shields


You had 9 spell levels left.
You didn't know any spells.
Your spell library contained the following spells:

 Spells                   Type           Power        Failure   Level  Hunger
 Flame Tongue             Conj/Fire      #....        87%         1    ##.....
 Inner Flame              Hex/Fire       #.......     99%         3    ####...
 Bolt of Magma            Conj/Fire/Erth #.........   100%        5    ######.
 Bolt of Fire             Conj/Fire      #.........   100%        6    #######


Dungeon Overview and Level Annotations

Branches:
Dungeon (7/15)             Temple (1/1) D:4

Altars:
Ashenzari
Dithmenos
Elyvilon
Fedhas
Gozag
Makhleb
Nemelex Xobeh
Okawaru
Qazlal
Ru
Trog
Uskayaw
Vehumet
Xom
Yredelemnul
Zin
The Shining One


Innate Abilities, Weirdness & Mutations

You cannot be hasted, slowed, berserked, paralysed or teleported.
You can dig through walls and to a lower floor.
Your four strong arms can wield two-handed weapons with a shield.
You have a pair of large antennae on your head. (SInv)
Your spells are harder to cast, but more powerful.


Message History

The orc priest zaps a wand.
You are blasted!
* * * LOW HITPOINT WARNING * * *
You sock the orc priest!
The orc priest is heavily wounded.
The hound bites you but does no damage.
The orc priest hits you but does no damage.
You block the orc's attack.
The orc warrior hits you with a +0 mace!
* * * LOW HITPOINT WARNING * * *
It was a potion of flight.
You feel very buoyant.
You fly up into the air.
The hound bites you but does no damage. The orc priest barely misses you.
You block the orc's attack. The hound bites you but does no damage.
You block the orc priest's attack.
It was a potion of mutation.
You feel extremely strange.
You feel less in control of your magic. x2
You block the orc warrior's attack. You block the hound's attack.
The orc priest invokes the aid of Beogh against you.
Beogh smites you!
You die...

#........####...
#..........#....
#............###
####............ #
#...............
##................#
##...(.))..<.......#
###.:.h..)..........#
#.....@o...........#
......ooo...........####
...................# #..
...................# #..
..................## #.#
...............).## #.#
.............รท...# #..
..............#.## #..
..........##..# #..


You could see an orc warrior, a hound, 2 orc priests and an orc.

Vanquished Creatures
  The ghost of Hylith the Magician, a novice DrAE of Vehumet (D:5)
  Sigmund (D:5)
  A hungry ghost (D:5)
  Menkaure (D:6)
  An orc warrior (D:7)
  A black bear (D:6)
  2 ice beasts
  A sky beast (D:5)
  A phantom (D:4)
  3 centaurs
  An ogre (D:5)
  A bullfrog (D:6)
  3 scorpions
  A howler monkey (D:6)
  A crimson imp (D:6)
  A bullfrog zombie (D:5)
  3 hounds
  3 centaur zombies
  3 orc priests
  A centaur skeleton (D:4)
  A gnoll shaman (D:3)
  A bullfrog skeleton (D:5)
  Ijyb (D:4)
  An iguana (D:4)
  An orc wizard (D:7)
  4 worker ants
  2 hound zombies (D:7)
  6 adders
  18 gnolls (D:3)
  3 oozes
  2 adder skeletons
  An adder zombie (D:5)
  5 worms
  4 dart slugs
  4 leopard geckos
  15 orcs
  4 giant cockroaches
  3 goblins
  7 hobgoblins
  22 jackals
  12 kobolds
  A ball python (D:3)
  10 bats
  3 frilled lizards
  2 gnoll zombies (D:2)
  A quokka zombie (D:5)
  3 rats
168 creatures vanquished.

Notes
Turn   | Place    | Note
-------+----------+-------------------------------------------
     0 | D:1      | Laiders72 the Formicid Fighter began the quest for the Orb.
     0 | D:1      | Reached XP level 1. HP: 18/18 MP: 1/1
    34 | D:1      | Reached XP level 2. HP: 22/24 MP: 2/2
   398 | D:1      | Reached XP level 3. HP: 24/30 MP: 3/3
   408 | D:1      | Reached skill level 3 in Maces & Flails
   926 | D:2      | Reached XP level 4. HP: 37/37 MP: 4/4
  1486 | D:2      | Reached skill level 4 in Maces & Flails
  1486 | D:2      | Reached XP level 5. HP: 43/43 MP: 5/5
  1536 | D:2      | Found a basalt altar of Yredelemnul.
  2280 | D:3      | Reached XP level 6. HP: 28/49 MP: 6/6
  2365 | D:3      | Reached skill level 5 in Maces & Flails
  2418 | D:3      | Reached skill level 5 in Fighting
  2586 | D:3      | HP: 2/51 [gnoll/+0 whip (2)]
  2779 | D:3      | Noticed an ice beast
  3054 | D:3      | Reached XP level 7. HP: 56/56 MP: 7/7
  3063 | D:3      | Reached skill level 6 in Maces & Flails
  4129 | D:4      | Reached skill level 7 in Maces & Flails
  4129 | D:4      | Reached XP level 8. HP: 64/64 MP: 8/8
  4130 | D:4      | Noticed Ijyb
  4145 | D:4      | Killed Ijyb
  4370 | D:4      | Found a staircase to the Ecumenical Temple.
  4374 | Temple   | Entered the Ecumenical Temple
  4590 | Temple   | Became a worshipper of Warmaster Okawaru
  4644 | D:5      | Entered Level 5 of the Dungeon
  4997 | D:5      | Found a glowing golden altar of the Shining One.
  5078 | D:5      | Found a transporter.
  5078 | D:5      | Noticed Hylith's ghost (novice DrAE)
  5083 | D:5      | Found a transporter.
  5214 | D:5      | Reached * piety under Okawaru
  5214 | D:5      | Reached skill level 8 in Maces & Flails
  5223 | D:5      | Noticed Sigmund
  5236 | D:5      | Killed Sigmund
  5236 | D:5      | Reached skill level 5 in Shields
  5236 | D:5      | Reached XP level 9. HP: 46/72 MP: 6/9
  5468 | D:5      | Identified Vireik's Collected Works on the Mountains and
                  | the Blaze
  5522 | D:5      | Killed Hylith's ghost
  5522 | D:5      | Reached skill level 9 in Maces & Flails
  5804 | D:6      | Noticed Menkaure
  5814 | D:6      | Killed Menkaure
  5891 | D:6      | Found a hide-covered altar of Uskayaw.
  6294 | D:6      | Noticed an angel
  6295 | D:6      | Found a glowing silver altar of Zin.
  6295 | D:6      | Found a shimmering altar of Xom.
  6395 | D:6      | Reached ** piety under Okawaru
  6573 | D:7      | Identified the +8 scale mail of Watchfulness {rPois rCorr
                  | Str-4 Dex+6}
  6735 | D:7      | Reached skill level 10 in Maces & Flails
  6748 | D:7      | Reached XP level 10. HP: 54/82 MP: 10/10
  6789 | D:7      | Reached *** piety under Okawaru
  6811 | D:7      | HP: 1/82 [orc warrior/+0 mace (12)]
  6813 | D:7      | Gained mutation: Your spells are a little harder to cast,
                  | but a little more powerful. [potion of mutation]
  6813 | D:7      | Gained mutation: Your spells are harder to cast, but more
                  | powerful. [potion of mutation]
  6813 | D:7      | Killed from afar by an orc priest

Skill      XL: |  1  2  3  4  5  6  7  8  9 |
---------------+----------------------------+-----
Maces & Flails | 3 4 5 7 8 10 | 10.3
Fighting       | 4 5 6 7 8 |  8.6
Shields        | 5 7 |  7.3
Armour         | |  3.2

Action                   |  1- 3 |  4- 6 |  7- 9 | 10-12 || total
-------------------------+-------+-------+-------+-------++-------
Melee: Flail             |    98 |   301 |   412 |    25 ||   836
Invok: Heroism           |       |       |     7 |     1 ||     8
  Use: Scroll            |       |       |     6 |       ||     6
       Potion            |       |       |     1 |     2 ||     3
  Eat: Chunk             |       |     3 |    11 |       ||    14
       Ration            |       |     1 |     3 |       ||     4
Armor: Scale mail        |    47 |    75 |    47 |    18 ||   187
       Plate armour      |       |   166 |   267 |       ||   433
Dodge: Dodged            |    38 |    78 |   108 |     6 ||   230
Block: Shield            |    64 |   197 |   263 |    27 ||   551
